AoeStats
← yduggal

Black Forest

506869362Analyzed
3v3 RM · 16d ago on Sep 15, 2026· 42m 1s· 6 players
Game mode
Random Map
Map size
Normal (6 player)
Population
200
Speed
Normal
Resources
Standard
Victory
Conquest
Starting age
Dark Age
Ending age
Imperial Age
RankedLock teamsTeams togetherTeam positionsShared explorationLock speedFull tech treeHidden civsTurbo modeCheats
Victory
Defeat
🇺🇸 Mongols · United States
1551
+7
🇸🇬 Portuguese · Singapore
1506
+8
🇮🇳 Bohemians · India
1080
+23
🇭🇰 Armenians · Hong Kong SAR China
1326
-13
🇭🇰 Bohemians · Hong Kong SAR China
1321
-14
🇭🇰 Spanish · Hong Kong SAR China
1262
-11
leo2000112
9:35 Feudal Age
10:03 Arson
10:00 Man-at-Arms
10:56 Long Swordsman
16:47 Horse Collar
26:15 Castle Age
24:04 Loom
26:29 Castle Age
27:31 Gambesons
28:45 Heavy Plow
29:32 Squires
29:10 Elite Skirmisher
29:58 Double-Bit Axe
32:27 Wheelbarrow
32:30 Fletching
34:41 Bow Saw
35:19 Gold Mining
35:20 Stone Mining
37:21 Gold Shaft Mining
38:00 Bodkin Arrow
38:07 Padded Archer Armor
40:25 Ballistics
blue
0:47 Loom
12:01 Feudal Age
13:55 Horse Collar
16:45 Castle Age
14:36 Double-Bit Axe
19:18 Heavy Plow
19:36 Bow Saw
20:45 Wheelbarrow
25:25 Hand Cart
25:52 Wagenburg Tactics
27:11 Town Watch
30:51 Imperial Age
28:44 Ballistics
29:12 Fortified Wall
30:55 Chemistry
30:15 Elite Skirmisher
31:15 Town Patrol
33:02 Siege Engineers
34:52 Houfnice
35:56 Fletching
36:06 Padded Archer Armor
37:18 Scale Mail Armor
37:35 Leather Archer Armor
37:15 Bodkin Arrow
38:27 Bombard Tower
VT
4:26 Loom
10:50 Feudal Age
14:53 Castle Age
12:53 Double-Bit Axe
13:11 Horse Collar
22:11 Husbandry
28:30 Wheelbarrow
30:16 Fishing Lines
36:31 Imperial Age
34:30 Bloodlines
34:38 Scale Barding Armor
34:57 Forging
35:10 Gillnets
36:43 Cavalier
37:51 Chain Barding Armor
38:07 Iron Casting
41:18 Bow Saw
43:08 Blast Furnace
anirone7589
4:12 Loom
13:17 Feudal Age
13:46 Double-Bit Axe
13:44 Fishing Lines
19:51 Castle Age
19:02 Gold Mining
19:04 Stone Mining
27:58 Imperial Age
25:30 Gillnets
26:33 Bow Saw
27:10 Town Watch
27:20 Fletching
29:41 Chemistry
31:58 Conscription
32:35 Bodkin Arrow
33:37 Arquebus
33:56 Bracer
36:53 Elite Organ Gun
38:07 Siege Engineers
41:22 Circumnavigation
41:25 Caravan
メHANSメ
5:29 Loom
12:54 Feudal Age
14:03 Double-Bit Axe
28:28 Wheelbarrow
27:40 Fishing Lines
32:45 Castle Age
33:30 Gillnets
33:51 Bow Saw
37:12 Hand Cart
40:31 Imperial Age
40:00 Chemistry
41:18 Fortified Wall
42:00 Coinage
yduggal
10:35 Feudal Age
15:13 Castle Age
14:16 Fletching
15:51 Bodkin Arrow
15:47 Double-Bit Axe
26:15 Wheelbarrow
25:25 Horse Collar
33:43 Imperial Age
32:38 Hand Cart
32:10 Loom
32:48 Ballistics
32:29 Padded Archer Armor
34:38 Thumb Ring
34:59 Parthian Tactics
33:54 Heavy Cavalry Archer
35:36 Stone Mining
35:49 Bracer
37:15 Chemistry
36:33 Leather Archer Armor
36:42 Bow Saw
41:41 Conscription
Connection lost

Rejoining the realm…

Still unreachable

The connection could not be restored.

Session expired

The server has moved on; the page needs a fresh start.